[Event "3rd Sunway Formentera-A 2024"]
[Site "Formentera"]
[Date "2024.04.17"]
[Round "8.12"]
[White "Adarsh Tripathi"]
[Black "Tsatsalashvili, Keti"]
[Result "1-0"]
[ECO "B28"]
[WhiteElo "2304"]
[BlackElo "2315"]
[Annotator "TA"]
[PlyCount "93"]
[EventDate "2024.04.03"]
[EventType "swiss"]
[EventCountry "ESP"]
[SourceTitle "playchess.com"]
[Source "ChessBase"]
[SourceQuality "1"]
[TimeControl "40/5400+30:1800+30"]

1. e4 c5 2. Nc3 a6 3. Nge2 b5 4. d4 cxd4 5. Nxd4 Bb7 6. Bd3 d6 7. O-O Nf6 8. Bg5 {[%emt 0:00:43] Black must now prevent Bxf6.} Nbd7 {[%emt 0:01:57] The position is equal.} 9. a4 bxa4 (9... b4 $11 {remains equal.} 10. Nd5 Nxd5 11. exd5 Bxd5) 10. Rxa4 $16 (10. Nxa4 e6 $11) 10... Nc5 11. Ra1 e6 12. Bc4 ({White should play} 12. Nd5 $14) 12... Be7 $1 $11 13. f3 O-O 14. Be3 d5 15. exd5 Nxd5 16. Bxd5 Bxd5 17. Nf5 $1 Bc4 (17... Re8 $14) 18. Qxd8 $1 $16 Bxd8 {[%emt 0:00:32] A strong pair of Bishops. Black is weak on the dark squares} 19. Bxc5 Bxf1 {[%emt 0:01:46] [#]} 20. Ne3 {[%emt 0:00:19] White has more active pieces.} (20. Bxf8 Kxf8 21. g4 Bh3 $11) 20... Re8 (20... Bxg2 $16 21. Kxg2 Re8) 21. Kxf1 $18 Bf6 22. Ra3 Rec8 23. b4 {[%emt 0:03:06] Hoping for Na4.} a5 24. Ne4 {[%emt 0:00:10] b5 is the strong threat.} Bd8 {[%emt 0:03:20] [#]} 25. c3 $1 f5 {[%emt 0:04:24] aiming for ...axb4.} 26. Nd6 axb4 27. Rxa8 (27. Nxc8 $2 {is the wrong capture.} bxa3 28. Bxa3 Rxa3 $19) ({Don't play} 27. Bxb4 $6 Rxa3 28. Nxc8 Ra2 $16) 27... Rxa8 28. cxb4 ({Resist} 28. Bxb4 $6 Ra2 $16) 28... Bc7 29. Nec4 Ra1+ 30. Ke2 Ra2+ 31. Nd2 g5 32. Kd3 h5 (32... Ra3+ $142 33. Ke2 Ra6) 33. h3 h4 (33... Bb8 $142 34. Kc3 g4 35. hxg4 fxg4 36. fxg4 Ra3+ 37. Kc4 hxg4) 34. N6c4 Kf7 35. b5 Ke8 36. b6 Bb8 37. Be3 Kd7 38. Bxg5 Bg3 39. Be3 Kc6 (39... Bd6 $142 40. Nxd6 Kxd6) 40. f4 Be1 41. Nf3 Bf2 42. Nfe5+ {[%emt 0:00:10] White mates.} Kb7 43. Nd6+ Ka6 44. b7 Ra3+ 45. Kc4 Ra4+ 46. Kb3 Ra1 47. b8=N+ {[%emt 0:00:59] Weighted Error Value: White=0.10 (very precise) /Black=0.42.  Mistake:       	White=1     	Black=6      Inaccurate:     	White=4     	Black=3      OK:         	White=19    	Black=11     Best:        	White=2     	Black=1      Strong:       	White=3     	Black=1} 1-0

[Event "3rd Sunway Formentera-A 2024"]
[Site "Formentera"]
[Date "2024.04.17"]
[Round "8.13"]
[White "Torres Samper, Rafael"]
[Black "Vargas Drechsler, Carlos"]
[Result "1/2-1/2"]
[ECO "C47"]
[WhiteElo "1918"]
[BlackElo "1878"]
[Annotator "TA"]
[PlyCount "80"]
[EventDate "2024.04.03"]
[EventType "swiss"]
[EventCountry "ESP"]
[SourceTitle "playchess.com"]
[Source "ChessBase"]
[SourceQuality "1"]
[TimeControl "40/5400+30:1800+30"]

1. e4 e5 2. Nf3 Nc6 3. Nc3 Nf6 4. d4 exd4 5. Nd5 Be7 6. Nxd4 Nxd4 7. Qxd4 Nxd5 8. Qxd5 O-O 9. Be3 d6 10. O-O-O Be6 11. Qh5 ({Better is} 11. Qxb7 $11 a5 12. a3) 11... Bf6 12. Bd4 ({White should play} 12. Kb1 $15) 12... Bxd4 (12... Bxa2 $17 {...Bg5+ is the strong threat.} 13. b3 Bxd4 14. Rxd4 Qf6) 13. Rxd4 $15 Qf6 (13... Bxa2 14. b3 $11) 14. Rd2 g6 (14... Bxa2 $17 {With the idea ...a5.} 15. Qa5 Be6) 15. Qa5 $11 b6 16. Qa4 Rfd8 17. Bc4 a6 {[%emt 0:07:29] White must now prevent ...b5.} 18. Qc6 Bxc4 19. Qxc4 Qe6 20. Qd5 (20. Qxc7 $2 Qxa2 (20... Qxe4 21. f3 $14) 21. Rdd1 Qa1+ 22. Kd2 Qxb2 $19) 20... Qxd5 21. Rxd5 {[%emt 0:00:00][%mdl 4096] Endgame. KRR-KRR} Re8 22. Re1 Re7 23. Kd2 Rae8 24. f3 {[%emt 0:00:00] [#]} f5 $1 25. Kd3 (25. Rd4 Kf7) 25... fxe4+ 26. Rxe4 Rxe4 27. fxe4 $15 {[%emt 0:00:00] KR-KR} Kf7 28. c4 Kf6 29. b4 Re5 30. Rxe5 Kxe5 $11 {[%emt 0:00:34] KP-KP} 31. g3 $2 {[%emt 0:00:00][%mdl 8192] [#]} (31. a4 $11) 31... c5 $2 (31... b5 $1 $19 32. c5 dxc5 33. bxc5 c6) 32. b5 axb5 33. cxb5 c4+ 34. Kxc4 {[%emt 0:00:00] And now a4 would win.} Kxe4 35. a4 {[%emt 0:00:00][%cal Oa4a5] Strongly threatening a5!} d5+ 36. Kc3 $2 {[%emt 0:01:05][%mdl 8192] [#]} (36. Kb3 $11 Ke5 37. a5 bxa5 38. Ka4) 36... Ke3 $2 ({Black should try} 36... d4+ $1 $19 37. Kb2 Kd5) 37. Kc2 $1 {[%emt 0:00:42] The position is equal.} Ke2 $1 ({Don't blunder} 37... d4 $2 38. Kd1 $18) 38. Kc3 {[%emt 0:00:15] White threatens Kd4 and mate.} Ke3 39. Kc2 $1 Ke2 $1 {[%emt 0:00:36] ( -> ...d4)} ({But not} 39... d4 $2 40. Kd1 $18) 40. Kc3 {[%emt 0:00:00] White wants to mate with Kd4.} Ke3 {[%emt 0:00:00] Weighted Error Value: White=0.54/Black=0.33.  Loses game:     	White=2     	---        Missed win:     	---       	Black=2      Mistake:       	White=2     	Black=2      Inaccurate:     	White=1     	Black=1      OK:         	White=11    	Black=7      Best:        	White=1     	Black=3      Strong:       	White=2     	Black=1} 1/2-1/2

[Event "3rd Sunway Formentera-A 2024"]
[Site "Formentera"]
[Date "2024.04.18"]
[Round "9.1"]
[White "Donchenko, Alexander"]
[Black "Baklan, Vladimir"]
[Result "1-0"]
[ECO "A17"]
[WhiteElo "2633"]
[BlackElo "2531"]
[Annotator "TA"]
[PlyCount "117"]
[EventDate "2024.04.03"]
[EventType "swiss"]
[EventCountry "ESP"]
[SourceTitle "playchess.com"]
[Source "ChessBase"]
[SourceQuality "1"]
[TimeControl "40/5400+30:1800+30"]

1. Nf3 {[%emt 0:00:04] Wahls,Matthias} Nf6 2. c4 e6 3. Nc3 b6 4. e4 Bb7 5. d3 d6 6. g3 Be7 7. Bg2 O-O 8. O-O c5 {[%emt 0:00:12] 8...c5 is better than 8...Nbd7.} 9. b3 Nbd7 {[%emt 0:13:07] A17: English Opening: 1...Nf6 with ...Bb4.} 10. Bb2 a6 11. Ne1 Rb8 12. f4 b5 13. g4 $146 ({Predecessor:} 13. Nc2 Ba8 14. Qe2 Ne8 15. Nd1 a5 16. cxb5 Rxb5 17. Nc3 Rb8 18. Rad1 Qb6 {½-½ Kharitonov,A (2500)-Yudasin,L (2575) Lvov zt 1990}) 13... b4 14. Na4 Ne8 15. a3 bxa3 16. Rxa3 d5 17. Nc3 d4 18. Ne2 e5 19. Nf3 Bd6 20. f5 h6 21. Bc1 Be7 22. Qe1 Nef6 23. Qg3 Nh7 24. h4 f6 25. Bh3 Bc8 26. Bd2 Rb7 27. Kh1 (27. Rxa6 $6 Rxb3 28. Ra7 Qb6 $11 (28... Rxd3 $14)) 27... Qc7 28. Rg1 ({Much worse is} 28. Rxa6 Rxb3 29. Ra2 Qd6 $14 (29... Rxd3 30. Nc1 $14)) 28... Qd6 29. Qg2 (29. Bf1 $16) 29... Rf7 (29... Nb8 $11 {remains equal.}) 30. Ng3 $16 Kf8 (30... Qb8 $142) 31. Nh5 $16 Ke8 32. Qg3 Bd8 33. Rg2 Ra7 34. Kg1 Rb7 35. Kf1 (35. Kh2 $16) 35... a5 ({Better is} 35... Qb8 $14) 36. Kg1 ({Don't play} 36. Bxa5 $6 Bxa5 37. Rxa5 Rxb3 $14) 36... Ra7 37. Kh1 Ra6 38. Rg1 Ra7 39. Rga1 Nb8 (39... Bb7 $16 40. Bxa5 Bxa5) 40. Bxa5 $18 Bxa5 (40... Nd7 $16 41. b4 cxb4 42. Bxb4 Rxa3 43. Bxd6 (43. Bxa3 Qb6 $16) 43... Rxa1+ 44. Kh2 Rd1) 41. Rxa5 Rxa5 42. Rxa5 Qc7 43. Ra1 Nd7 (43... Kd8 {was worth a try.} 44. g5 hxg5 45. hxg5 Nf8) 44. g5 $18 hxg5 45. hxg5 Nhf8 46. b4 cxb4 47. g6 Re7 48. Nxd4 Bb7 49. Nb5 Qb6 50. Qg1 Nc5 $2 (50... Qxg1+ 51. Kxg1 Nc5 52. Nd6+ Kd7) 51. Nxf6+ $18 gxf6 52. g7 Rxg7 53. Qxg7 b3 (53... Ncd7 $18 54. Qg1 Qxg1+ 55. Kxg1 Kd8) 54. Nc7+ Kd8 55. Ne6+ ({Weaker is} 55. Qxf8+ Kxc7 56. Qf7+ Kb8 $11) 55... Nfxe6 56. fxe6 Qd6 57. Qxf6+ Kc7 58. e7 Qxd3 59. e8=N+ 1-0

[Event "3rd Sunway Formentera-A 2024"]
[Site "Formentera"]
[Date "2024.04.18"]
[Round "9.2"]
[White "Moussard, Jules"]
[Black "Ivanchuk, Vasyl"]
[Result "0-1"]
[ECO "B12"]
[WhiteElo "2610"]
[BlackElo "2611"]
[Annotator "TA"]
[PlyCount "128"]
[EventDate "2024.04.03"]
[EventType "swiss"]
[EventCountry "ESP"]
[SourceTitle "playchess.com"]
[Source "ChessBase"]
[SourceQuality "1"]
[TimeControl "40/5400+30:1800+30"]

1. e4 c6 2. d4 d5 3. e5 Bf5 4. Nf3 e6 5. Be2 c5 6. c3 Nc6 7. Be3 {[%emt 0:00:14] B12: Caro-Kann: Advance Variation.} Qb6 8. Qd2 Rd8 $146 ({Predecessor:} 8... cxd4 9. Nxd4 Nxd4 10. Bxd4 Bc5 11. Na3 a6 12. Bxc5 Qxc5 13. b4 Qc7 14. c4 Qxe5 {0-1 Moussard,J (2656)-Deac,B (2702) ESP-chT Rapid 2023 (3.1)}) 9. O-O h6 10. Qc1 Bg4 11. Nbd2 cxd4 12. cxd4 Nge7 13. h3 Bh5 14. g4 Bg6 15. Qc3 Nb4 16. Ne1 h5 17. Nb3 hxg4 18. hxg4 Rc8 19. Nc5 Nec6 20. a3 Qd8 21. g5 Bxc5 22. Qxc5 Na6 23. Qb5 Qb6 24. Qxb6 axb6 25. Rc1 Kd7 26. Ng2 Na5 27. Nf4 Bf5 28. Nh5 Nc4 29. Ng3 (29. Nxg7 Bg6 30. b3 Nxe3 31. fxe3 Rxc1 32. Rxc1 $17) (29. b3 $11) 29... Bg6 $15 30. Rc3 Nxb2 31. Rb3 Rc2 (31... Nc4 $17 32. Bxc4 dxc4 33. Rxb6 Kc7) 32. Bb5+ ({White should play} 32. Rxb6 $15 Kc7 33. Rb5) 32... Kc7 33. Rc1 (33. Rb1 $15 Nc4 34. Bxc4 Rxc4 35. R1b2) 33... Rxc1+ $17 34. Bxc1 Nc4 35. Rc3 Kb8 36. Nf1 (36. Bxc4 $2 Rc8 37. f4 (37. Bxa6 $2 Rxc3 38. Bd2 Rc2 $19) 37... Rxc4 38. Rxc4 dxc4 $19) 36... Rh4 37. f4 Nc7 38. Ba4 $2 (38. a4 $17) 38... b5 $19 39. Bd1 {[%emt 0:00:03] [#]} b4 $1 40. axb4 Nb5 41. Rg3 Nxd4 42. Nh2 Be4 43. Nf1 g6 44. Kf2 b5 45. Be2 Kb7 46. Bd3 (46. Rc3 $142) 46... Bxd3 47. Rxd3 Nc6 48. Kg3 Rh8 ({Inferior is} 48... Nxb4 49. Rb3 Rh1 50. Kg2 (50. Rxb4 $2 {loses.} Rxf1 51. Rxb5+ Kc6 $19) 50... Rxf1 51. Kxf1 $11) 49. Be3 d4 (49... Nxb4 $2 50. Rb3 Nc2 51. Kg2 $19) 50. Bf2 Ka6 51. Be1 Ra8 52. Nh2 Ne3 53. Nf3 (53. Ng4 {was necessary.} Nc2 54. Bd2) 53... Nc2 54. Bd2 Kb6 ({And not} 54... N6xb4 55. Bxb4 Nxb4 56. Ra3+ Kb7 57. Rxa8 Kxa8 58. Nxd4 $11) 55. Rb3 Ra2 56. Rb1 Ne7 57. Rh1 Nf5+ 58. Kf2 Nxb4 59. Rh7 Nd3+ 60. Ke2 Nxf4+ 61. Kd1 Ne3+ 62. Ke1 Ra1+ 63. Kf2 Rf1+ 64. Kg3 Ne2+ 0-1

[Event "3rd Sunway Formentera-A 2024"]
[Site "Formentera"]
[Date "2024.04.18"]
[Round "9.3"]
[White "Raja Rithvik R"]
[Black "Pranav, V."]
[Result "0-1"]
[ECO "E15"]
[WhiteElo "2532"]
[BlackElo "2604"]
[Annotator "TA"]
[PlyCount "74"]
[EventDate "2024.04.03"]
[EventType "swiss"]
[EventCountry "ESP"]
[SourceTitle "playchess.com"]
[Source "ChessBase"]
[SourceQuality "1"]
[TimeControl "40/5400+30:1800+30"]

1. d4 Nf6 2. c4 e6 3. Nf3 b6 4. g3 Ba6 5. Nbd2 Bb4 6. Qc2 c5 7. Bg2 Bb7 8. d5 exd5 9. Nh4 Bc6 10. cxd5 {[%emt 0:01:43] White is slightly better.} Nxd5 11. Nf5 (11. O-O $11) 11... O-O $15 12. O-O Bxd2 13. Bxd2 Ne7 14. Nxe7+ Qxe7 15. e4 d6 16. Rad1 Nd7 17. Bc3 Rfe8 18. Rfe1 Nf8 19. Re3 ({White should try} 19. f4 $11) 19... Rad8 20. Qe2 Qb7 21. Qg4 {[%emt 0:12:44][%csl Gc3][%cal Rg4g7] [#]} Ng6 22. h4 Ne5 23. Qf4 f6 24. b3 Qc8 25. h5 h6 26. Qh4 Nf7 27. Qf4 Re7 28. Red3 Qe6 29. R3d2 Red7 (29... Bxe4 $6 30. Re2 f5 (30... d5 31. f3 $11) 31. f3 $11) 30. Qe3 (30. g4 $17) 30... Ng5 $19 31. Re1 (31. b4 $17) 31... Re7 32. Qd3 (32. Rde2 $142) 32... f5 (32... Nxe4 $2 {too greedy.} 33. Rde2 Qf5 34. Bxe4 (34. Rxe4 Kf8 $18) 34... Bxe4 35. Rxe4 $18) (32... Bxe4 33. Bxe4 Nxe4 34. Rde2 $16 (34. f3 Nxd2 35. Rxe6 Nxf3+ 36. Qxf3 Rxe6 $16)) 33. Qf1 (33. e5 $142 Be4 34. Qe2 Bxg2 35. Kxg2) 33... Qf7 ({Less strong is} 33... Bxe4 34. f3 $17) 34. exf5 $2 {[%emt 0:00:28] [#]} (34. e5 Bxg2 35. Qxg2) 34... Rxe1 {[%emt 0:00:52] Black is clearly winning.} 35. Qxe1 Bxg2 36. Kxg2 Qb7+ 37. f3 Qxf3+ {[%emt 0:19:54] Weighted Error Value: White=0.57/Black=0.11 (very precise) .  Mistake:       	White=7     	---        Inaccurate:     	White=3     	Black=2      OK:         	White=8     	Black=7      Best:        	White=1     	Black=4} 0-1

[Event "3rd Sunway Formentera-A 2024"]
[Site "Formentera"]
[Date "2024.04.18"]
[Round "9.4"]
[White "Alsina Leal, Daniel"]
[Black "Fernandez Guillen, Ernesto J."]
[Result "1-0"]
[ECO "B51"]
[WhiteElo "2497"]
[BlackElo "2474"]
[Annotator "TA"]
[PlyCount "113"]
[EventDate "2024.04.03"]
[EventType "swiss"]
[EventCountry "ESP"]
[SourceTitle "playchess.com"]
[Source "ChessBase"]
[SourceQuality "1"]
[TimeControl "40/5400+30:1800+30"]

1. e4 c5 2. Nf3 d6 3. Bb5+ Nd7 4. d4 cxd4 5. Nxd4 Ngf6 6. O-O a6 7. Bd3 Nc5 8. Nc3 {[%emt 0:06:19] The position is equal.} e5 9. Nf5 Bxf5 10. exf5 d5 11. Bg5 d4 12. Ne4 h5 ({Black should try} 12... Nxd3 13. Qxd3 (13. cxd3 Be7 $16) 13... Qb6) 13. Re1 $16 Ncxe4 14. Bxe4 Qb6 {[%emt 0:03:51] [#]} 15. Bf3 Bd6 16. Bxf6 gxf6 17. Qe2 Bc5 18. Rad1 Rd8 19. Rd3 {[%emt 0:02:45] Black must now prevent Rb3.} (19. h4 {simplifies} Kf8 20. Rb1 Qb5 21. Qxb5 axb5 22. Bxb7 b4 23. g3) 19... Qxb2 20. Rb3 (20. Bxh5 Qxa2 21. f4 Bd6 $11 (21... Bb4 22. fxe5 Bxe1 23. exf6+ Kd7 24. Rb3 $11)) 20... d3 {[%emt 0:08:42] [#] ...Qxb3 is the strong threat.} 21. Rxb2 dxe2 22. Rxb7 h4 23. Bxe2 (23. Rxe2 $2 Rd1+) 23... O-O 24. Rc7 {[%emt 0:00:55] White is more active.} (24. Bxa6 Rd2 25. Be2 Rxc2 $15) 24... Bb6 25. Rc4 Rd2 26. Rg4+ (26. Rxh4 Rc8 $11) 26... Kh7 27. Rxh4+ (27. Bxa6 $2 Bxf2+ (27... Rxf2 28. Rxh4+ Kg7 29. Rg4+ Kh6 30. Kh1 $11) 28. Kf1 Bxe1 (28... Rxc2 29. Re2 $16) 29. Kxe1 Rxc2 30. Rxh4+ Kg7 31. Rg4+ Kh6 $19) 27... Kg7 28. Rg4+ (28. Bxa6 $2 Bxf2+ (28... Rxf2 29. Rg4+ Kh6 30. h3 $11) 29. Kf1 Bxh4 $19) 28... Kh7 29. Rh4+ (29. Bxa6 $2 Bxf2+ (29... Rxf2 30. Kh1 $11) 30. Kf1 Bxe1 (30... Rxc2 31. Re2 $16) 31. Kxe1 Rxc2 $19) (29. Rc4 $18) 29... Kg7 30. Rg4+ (30. Bxa6 $2 Bxf2+ (30... Rxf2 31. Kh1 $11) 31. Kf1 Bxh4 $19) (30. Rc4 $16) 30... Kh7 $1 $18 31. Rc4 (31. Bxa6 $2 Bxf2+ (31... Rxf2 32. Kh1 $11) 32. Kf1 Bxe1 $19 (32... Rxc2 33. Re2 $16)) 31... Rfd8 {[%emt 0:02:42][%cal Od2e2] Strongly threatening ...Rxe2!} 32. Kf1 R8d4 {[%emt 0:02:02] Threatens to win with ...Rxc4.} 33. Rc6 Ba5 34. g3 (34. Rxa6 Rxe2 35. Rxa5 (35. Kxe2 Re4+ 36. Kf3 Rf4+ 37. Ke2 Re4+ 38. Kf3 Rf4+ 39. Ke2 Re4+ $11) 35... Rxc2 $16) 34... e4 35. Rb1 (35. Rxf6 Kg7 36. Rc6 (36. Rxa6 Bc3 $18) 36... Rd6 37. Rxd6 (37. Rxa6 Rxa6 38. Bxa6 Rd6 $18) 37... Rxd6 $18) 35... Kg7 36. Rb7 Rd5 $2 (36... Rb4 {is a better defense.} 37. Rxb4 (37. Bxa6 Rd1+ 38. Kg2 Rxb7 $18) 37... Bxb4 38. Bxa6 (38. Rxa6 Rxc2 39. Ra4 Rc1+ 40. Kg2 Rc2 $16) 38... e3) 37. g4 (37. Bxa6 e3 38. fxe3 Rxf5+ 39. Kg1 Rd1+ 40. Kg2 Rd2+ 41. Kh3 Rh5+ 42. Kg4 Rg5+ 43. Kf4 Rxh2 $16) (37. Rxa6 $142 {Raa7 would now be deadly.} Bd8 38. Raa7) 37... Re5 $2 (37... Rd7 38. Rxd7 (38. Bxa6 Rxb7 39. Bxb7 Rd1+ 40. Kg2 Rd2 $18) 38... Rxd7 39. Rxa6 Bd2) 38. Rb3 $2 (38. Bxa6 e3 39. fxe3 Rxe3 $11) (38. Bc4 Kf8 39. Rxa6 (39. Bxa6 e3 $18) (39. Rxf7+ Ke8 $18)) 38... Bd8 39. h4 (39. Rxa6 $6 Rxc2 40. Ra8 Rd5 $18) 39... Be7 40. Rbc3 {[%emt 0:00:00] Inhibits Rc5.} (40. Bxa6 Rc5 41. Rc3 (41. Rxc5 Bxc5 42. Rc3 Rxf2+ 43. Ke1 Bb6 $18) 41... Ra5) (40. Rb8 $142 {[%cal Oc6c8] Hoping for Rcc8!} Bd6 41. Rd8) 40... Bb4 41. R3c4 Bf8 (41... e3 $142 42. f4 (42. Rxb4 exf2 43. Kxf2 Rexe2+ 44. Kf3 Rf2+ 45. Ke4 Rfe2+ 46. Kf3 Rh2 $11) 42... Rb5) 42. Rc3 (42. Rxa6 e3 43. fxe3 Rxe3 $16) 42... Bb4 $1 43. Rb3 $2 ({White should play} 43. Rh3 $18) 43... a5 $2 (43... Be7 $1 $11 44. Rc7 (44. Bxa6 Bc5 $18) (44. Rxa6 Rc5 $18) 44... Bd6) 44. Rc7 Re8 (44... Rc5 $142 45. Rxc5 Bxc5) 45. a3 Bd6 46. Rd7 Re7 47. Rbb7 Kf8 $2 (47... Rxd7 {is a better chance.} 48. Rxd7 Bb4 49. Rxd2 Bxd2) 48. Rd8+ {[%emt 0:01:40] White is clearly winning.} Re8 49. Rxe8+ Kxe8 {[%emt 0:00:03][%mdl 4096] Endgame. KRB-KRB} 50. Bb5+ Kf8 51. Rd7 Bf4 52. Rxd2 Bxd2 53. Ke2 Bc1 54. a4 Ke7 55. Bc6 Kd6 56. Bxe4 Kc5 57. Kd3 {[%emt 0:01:13] Weighted Error Value: White=0.42/Black=0.43.  Loses game:     	---       	Black=1      Missed win:     	White=1     	---        Mistake:       	White=5     	Black=6      Inaccurate:     	White=1     	Black=3      OK:         	White=18    	Black=13     Best:        	White=5     	Black=2      Strong:       	---       	Black=2} 1-0

[Event "3rd Sunway Formentera-A 2024"]
[Site "Formentera"]
[Date "2024.04.18"]
[Round "9.5"]
[White "Xiao, Tong(Qd)"]
[Black "Colbow, Collin"]
[Result "1-0"]
[ECO "B28"]
[WhiteElo "2484"]
[BlackElo "2376"]
[Annotator "TA"]
[PlyCount "71"]
[EventDate "2024.04.03"]
[EventType "swiss"]
[EventCountry "ESP"]
[SourceTitle "playchess.com"]
[Source "ChessBase"]
[SourceQuality "1"]
[TimeControl "40/5400+30:1800+30"]

1. e4 c5 2. Nf3 a6 3. c3 Nf6 4. e5 Nd5 5. d4 cxd4 6. Bc4 e6 7. cxd4 d6 8. O-O Be7 {[%emt 0:00:17] White has an edge.} 9. Qe2 O-O 10. Rd1 Nd7 11. Bxd5 exd5 12. Nc3 Nb6 13. Bf4 Be6 14. Re1 Re8 15. Qd3 h6 16. Re2 Rc8 17. Rae1 Qc7 18. exd6 Bxd6 19. Bxd6 Qxd6 20. Ne5 Nc4 21. f4 Qb4 22. Nxc4 dxc4 (22... Rxc4 $2 {too greedy.} 23. Nxd5 Qb5 24. Re5 $18) 23. Qf3 Qb6 24. Qf2 {[%emt 0:01:32] And now f5 would win.} Qd6 25. Ne4 (25. f5 $5 Bd7 $8 26. Ne4 $11) 25... Qf8 26. f5 Bd5 27. Nc3 Rxe2 28. Rxe2 Qd6 29. f6 (29. Re5 $5 Bc6 $8 30. Qf4 $11) 29... g6 (29... b5 $11) 30. Qe3 $36 {[%emt 0:05:32][%mdl 2048] Hoping for Nxd5. White is on the roll.} Kh7 $2 {[%emt 0:02:25][%mdl 8192] [#] A mistake that costs the game.} (30... Bc6 $16 {might work better.}) 31. Qe7 $1 $18 Rc6 {[%emt 0:01:52] Black is weak on the dark squares} (31... Rd8 32. h3 b5) 32. Rf2 ({Not} 32. Qxb7 Be6 $16) 32... g5 33. Nxd5 Qxd5 34. Qf8 ({Weaker is} 34. Qxb7 Rd6 35. Qe7 Kg6 $11) 34... Kg6 35. g4 Rxf6 36. Qg8# {[%emt 0:00:06] Weighted Error Value: White=0.04 (flawless) /Black=0.52.  Loses game:     	---       	Black=1      Mistake:       	---       	Black=2      Inaccurate:     	---       	Black=1      OK:         	White=10    	Black=9      Best:        	White=1     	Black=1      Strong:       	White=1     	---} 1-0

[Event "3rd Sunway Formentera-A 2024"]
[Site "Formentera"]
[Date "2024.04.18"]
[Round "9.6"]
[White "Mohamed Anees M"]
[Black "Dragnev, Valentin"]
[Result "1-0"]
[ECO "E06"]
[WhiteElo "2253"]
[BlackElo "2571"]
[Annotator "TA"]
[PlyCount "147"]
[EventDate "2024.04.03"]
[EventType "swiss"]
[EventCountry "ESP"]
[SourceTitle "playchess.com"]
[Source "ChessBase"]
[SourceQuality "1"]
[TimeControl "40/5400+30:1800+30"]

1. d4 Nf6 2. c4 e6 3. g3 d5 4. Bg2 Be7 5. Nf3 O-O 6. O-O a5 7. Qc2 Nc6 8. a3 dxc4 9. Qxc4 {[%emt 0:00:38] White has an edge.} a4 10. Nc3 Bd7 11. Qd3 (11. Nxa4 $2 b5 (11... Nxd4 12. Nc3 $11) 12. Qxb5 Nxd4 $19) 11... Na5 12. Ne5 Be8 13. Bf4 Nd5 14. Rad1 Nxf4 15. gxf4 f6 16. Nc4 Kh8 17. Nd2 Bd6 18. e3 f5 19. Ne2 Rg8 20. d5 e5 21. fxe5 Bxe5 22. Nd4 Qf6 23. N2f3 Bh5 24. Rc1 (24. Nxf5 Bxb2 25. Qc2 Nb3 $19 (25... Bxa3 26. Ra1 $17) (25... Bxf3 26. Bxf3 $17)) (24. Qxf5 Qxf5 25. Nxf5 Bxb2 $15) (24. Nxe5 $11 {remains equal.} Bxd1 25. Qxf5 Qxf5 26. Nxf5) 24... Bxf3 $17 25. Nxf3 (25. Bxf3 $15 Qh4 26. Rfe1) 25... Nb3 26. Rc4 Bxb2 27. Rxc7 (27. Nd4 $17) 27... Bxa3 $19 28. Qb5 Bb2 $2 (28... b6 $19 {Hoping for ...Rgd8.} 29. Rc6 Bd6 30. Rxb6 Rgd8) 29. Rc2 $1 $11 Bc3 30. Rd1 g5 31. Qxb7 (31. d6 $5) 31... Rgb8 32. Qc7 Rc8 33. Qb7 Rcb8 34. Qc7 Rc8 35. Qb7 {[%emt 0:00:00] aiming for d6.} Rab8 36. Qa7 Nc5 $2 (36... g4 $2 37. Ng5 Qxg5 38. Rxc3 $18 (38. Qxa4 $2 f4 $19)) (36... Ra8 $1 $11 {and Black has nothing to worry.} 37. Qb7) 37. d6 $1 $18 {[%emt 0:01:28] d7 is the strong threat.} Ra8 38. Qb6 (38. d7 Nxd7 39. Qxd7 Rd8 $11) 38... Rab8 $1 39. Qa7 Ra8 $1 {[%emt 0:00:55] [#]} 40. Qb6 (40. d7 Nxd7 41. Qxd7 Rd8 $11) (40. Qe7 $1 $18 Qxe7 41. dxe7) 40... Ne4 (40... Rab8 $1 $11 41. Qa7) 41. Nd2 $1 a3 $2 (41... Be5 42. Rxc8+ (42. Nxe4 fxe4 43. Rxc8+ Rxc8 $18) 42... Rxc8 43. Nxe4 fxe4) 42. Nxe4 fxe4 43. Bxe4 Qe6 {[%emt 0:01:38] [#]} 44. f3 {[%emt 0:05:29] Repels Qg4+} (44. Bxa8 $2 Qg4+ 45. Bg2 Qxd1+ 46. Bf1 Qxc2 $19) 44... Rab8 45. Qa7 Bg7 46. Rxc8+ $2 (46. d7 Rd8 47. Qxb8 (47. Qxa3 Rxd7 48. Rxd7 Qxd7 $14) 47... Rxb8 48. d8=R+ (48. d8=Q+ Qe8 $18) 48... Qe8 49. Rxe8+ Rxe8 50. Rd7) 46... Rxc8 {[%emt 0:00:10] Black is weak on the light squares} 47. d7 Rd8 48. Qxa3 g4 49. Qa5 Bf6 {[%emt 0:01:43] White must now prevent ...gxf3.} 50. Qf5 Qxf5 51. Bxf5 gxf3 {[%emt 0:00:05][%mdl 4096] Endgame. KRB-KRB} 52. Kf2 Kg7 53. Kxf3 h6 $2 (53... Rf8 {might work better.} 54. e4 (54. Rg1+ Kf7 $18) 54... Bd8 55. Rg1+ Kf7 56. Bxh7 Rh8 57. Bg6+ (57. Bf5 Rxh2 58. Rg6 Rh3+ 59. Kg4 Rh1 $18) 57... Kf8) 54. Ke4 Kf7 55. Rc1 Ke7 (55... Rf8 $142 56. Kd5 h5) 56. Kd5 Bg5 57. Rc3 Rf8 58. e4 Rf6 59. Rc8 Rd6+ 60. Ke5 {[%emt 0:00:22] White threatens Re8+ and mate.} Bf6+ 61. Kf4 {[%emt 0:00:04] And now Re8+ would win.} Bg5+ 62. Kg4 Kf7 63. Re8 Be7 64. e5 Rd4+ 65. Kf3 Rd5 66. Ke4 Rd2 67. h3 (67. Rh8 $142 Re2+ 68. Kd5 Rd2+ 69. Kc6) 67... Rd1 68. Bg4 Rd2 69. Ke3 Rd5 70. Kf4 Rd3 71. Kf5 Bg5 72. e6+ Kg7 73. e7 Rxd7 {[%emt 0:00:57] [#]} 74. Rg8+ $3 {[%emt 0:00:05][%mdl 512] Quite a comeback for White.   Weighted Error Value: White=0.24 (precise) /Black=0.36.  Loses game:     	---       	Black=2      Missed win:     	White=1     	Black=1      Mistake:       	White=3     	Black=3      Inaccurate:     	White=2     	Black=2      OK:         	White=21    	Black=14     Best:        	White=1     	Black=7      Strong:       	White=3     	Black=2} 1-0